Map: Simulacrum LE

Players

Cure

  • Race: Terran Terran
  • Spawn Location: 11:00

sOs - Winner!

  • Race: Protoss Protoss
  • Spawn Location: 5:00

Event: IEM Katowice 2020

VOD

Have the link to the VOD?

Description

Time

  • Played on: Feb. 28, 2020, 2:40 p.m.
  • Length: 8:53

All games in this series

Show
View Real Time Build Order
Export as new Build Order

Cure Terran 

Build Orders: Gas First Reaper Expand 

Get SALT Encoding   

  12  0:00  SCV  
  13  0:12  SCV  
  14  0:17  Supply Depot  
  14  0:24  SCV  
  14  0:27  Refinery  
  15  0:39  SCV  
  16  0:44  Barracks  
  16  0:51  SCV  
  17  1:03  SCV  
  18  1:15  SCV  
  19  1:32  Reaper, Orbital Command  
  20  1:47  Command Center  
  20  1:54  Factory  
  20  1:59  SCV  
  21  2:05  Barracks Reactor  
  21  2:11  SCV  
  21  2:15  Supply Depot  
  22  2:23  SCV  
  22  2:25  Barracks  
  23  2:36  SCV  
  24  2:39  Hellion  
  24  2:41  Marine x2  
  28  2:49  SCV  
  29  2:51  Refinery  
  29  3:01  SCV  
  29  3:02  Marine  
  29  3:04  Factory Tech Lab  
  31  3:14  Barracks Tech Lab  
  31  3:17  Supply Depot  
  31  3:36  Marine x3  
  31  3:37  SCV, Orbital Command, Siege Tank  
  31  3:40  Stimpack  
  38  3:49  SCV, Supply Depot  
  38  3:54  Marine x3  
  42  4:01  SCV  
  43  4:03  SCV  
  44  4:12  Marine x2  
  44  4:13  SCV  
  44  4:14  Engineering Bay  
  44  4:15  SCV  
  48  4:24  Supply Depot  
  48  4:25  SCV  
  48  4:27  SCV  
  50  4:32  Marine x2  
  50  4:35  Marine  
  53  4:39  SCV x2  
  53  4:41  Missile Turret  
  53  4:43  Terran Infantry Weapons Level 1  
  55  4:49  Siege Tank  
  55  4:51  SCV  
  55  4:52  SCV  
  60  4:55  Marine  
  60  4:57  Marine  
  60  4:58  Marine  
  63  5:06  Supply Depot  
  63  5:07  SCV x2  
  65  5:16  Barracks  
  65  5:19  SCV  
  65  5:20  Combat Shield, SCV  
  67  5:26  Marine x2  
  69  5:31  Factory Reactor  
  65  5:35  SCV x2  
  65  5:40  Missile Turret  
  66  5:45  Marine x3  
  66  5:47  SCV  
  66  5:48  SCV  
  71  5:50  Starport  
  71  5:52  Refinery  
  71  6:00  SCV x2  
  71  6:02  Marine  
  71  6:03  Marine x2, Supply Depot  
  71  6:04  Supply Depot  
  76  6:12  SCV x2  
  78  6:24  Marine x5, Siege Tank  
  86  6:26  Starport Reactor  
  86  6:27  SCV x2  
  86  6:28  Supply Depot  
  86  6:32  Supply Depot x2  
  88  6:33  Supply Depot  
  88  6:37  Terran Infantry Armor Level 1  
  86  6:42  Marine x5  
  90  6:51  Concussive Shells, Supply Depot  
  90  6:57  Siege Tank  
  90  7:00  Marine x5  
  98  7:02  Medivac  
  98  7:05  Medivac  
  102  7:18  Marine x5  
  107  7:29  Siege Tank  
  110  7:35  Marine x5  
  110  7:36  Medivac  
  117  7:39  Medivac  
  118  7:53  Marine x5  
  123  8:03  Siege Tank  
  124  8:11  Marine x5  
  83  8:29  Marine x5  
Show
View Real Time Build Order
Export as new Build Order

sOs Protoss - Winner!

Build Orders: 1 Gate Expand, Zealot Archon, Dark Templar Rush 

Get SALT Encoding   

  12  0:00  Probe  
  13  0:12  Probe  
  14  0:17  Pylon  
  14  0:25  Probe (Chrono Boost)  
  16  0:36  Gateway  
  16  0:37  Probe (Chrono Boost)  
  16  0:42  Probe (Chrono Boost)  
  16  0:46  Assimilator  
  17  0:51  Probe  
  18  1:03  Probe  
  19  1:15  Probe  
  20  1:23  Cybernetics Core  
  20  1:32  Nexus  
  20  1:35  Probe  
  21  1:42  Pylon  
  21  1:47  Probe  
  21  1:50  Assimilator  
  22  1:57  Adept (Chrono Boost)  
  24  2:02  Warp Gate  
  24  2:04  Probe  
  25  2:16  Probe  
  25  2:17  Stalker (Chrono Boost)  
  28  2:28  Probe  
  29  2:40  Twilight Council  
  29  2:43  Stalker  
  32  2:44  Probe (Chrono Boost)  
  32  2:45  Probe (Chrono Boost)  
  33  2:51  Pylon  
  33  2:56  Probe (Chrono Boost)  
  34  3:01  Probe  
  35  3:06  Probe  
  36  3:14  Probe (Chrono Boost)  
  36  3:17  Gateway  
  36  3:19  Dark Shrine  
  37  3:25  Probe (Chrono Boost)  
  37  3:26  Probe (Chrono Boost)  
  41  3:34  Probe (Chrono Boost)  
  41  3:35  Robotics Facility  
  41  3:36  Probe (Chrono Boost)  
  41  3:40  Probe  
  41  3:41  Assimilator  
  41  3:47  Probe (Chrono Boost)  
  41  3:48  Assimilator  
  43  3:50  Charge  
  43  3:53  Probe (Chrono Boost)  
  44  3:57  Stalker  
  48  4:03  Probe (Chrono Boost)  
  48  4:04  Probe (Chrono Boost)  
  48  4:05  Pylon  
  48  4:08  Probe (Chrono Boost)  
  48  4:16  Probe  
  49  4:19  Pylon, Warp Prism (Chrono Boost)  
  49  4:20  Probe  
  52  4:29  Pylon  
  52  4:34  Probe x2  
  54  4:40  Dark Templar  
  54  4:41  Dark Templar  
  58  4:48  Observer  
  59  4:57  Gateway, Pylon  
  59  4:58  Gateway  
  59  5:07  Nexus  
  59  5:12  Observer  
  60  5:20  Gateway  
  60  5:23  Gateway  
  60  5:24  Sentry  
  60  5:25  Zealot  
  62  5:38  Probe x2, Observer  
  62  5:41  Pylon  
  64  5:45  Forge, Robotics Bay  
  64  5:47  Observer  
  64  5:48  Zealot x2  
  68  5:58  Probe x2  
  69  6:11  Protoss Ground Weapons Level 1 (Chrono Boost)  
  69  6:12  Probe x2  
  69  6:16  Pylon  
  71  6:23  Zealot x2, Blink  
  71  6:24  Zealot x3  
  81  6:26  Probe, Extended Thermal Lance (Chrono Boost)  
  81  6:30  Colossus (Chrono Boost)  
  88  6:44  Probe x2  
  88  6:45  Pylon  
  88  6:46  Probe  
  91  6:53  Dark Templar  
  93  6:56  Probe  
  94  7:04  Stalker x3  
  94  7:05  Zealot  
  102  7:10  Shield Battery  
  102  7:12  Colossus (Chrono Boost)  
  102  7:19  Pylon  
  102  7:20  Probe  
  109  7:24  Observer  
  109  7:26  Gateway  
  109  7:36  Dark Templar x4  
  115  7:37  Zealot  
  115  7:39  Pylon  
  115  7:42  Observer  
  115  7:56  Archon  
  115  7:57  Archon  
  115  7:58  Colossus (Chrono Boost), Shield Battery  
  121  7:59  Shield Battery  
  121  8:00  Zealot x2  
  125  8:06  Observer  
  125  8:11  Observer  
  119  8:16  Zealot x4  
  101  8:24  Zealot x3  
  103  8:36  Dark Templar  
  103  8:37  Zealot x3  
  99  8:47  Stalker x3  

Tags
 
Add a new tag
Caveats
  • Supply blocks, unpowered buildings, or Contaminate may cause inaccurate times.
  • Supply counts are checked every 10 seconds.